 Dungeon Crawl Stone Soup version 0.21-a0-278-ga722497 (webtiles) character file.

207 4thArraOfDagon the Skirmisher (level 6, 0/52 HPs)
             Began as a Human Wanderer on Sept 21, 2017.
             Slain by an iguana (9 damage)
             ... on level 3 of the Dungeon.
             The game lasted 00:10:18 (2320 turns).

4thArraOfDagon the Skirmisher (Human Wanderer)      Turns: 2320, Time: 00:10:18

Health: 0/52       AC: 11    Str: 13    XL:     6   Next: 11%
Magic:  6/6        EV:  8    Int: 17    God:
Gold:   44         SH:  0    Dex: 13    Spells: 5/5 levels left

rFire    . . .     SeeInvis .   o - +0 flail
rCold    . . .     Gourm    .   (no shield)
rNeg     . . .     Faith    .   a - +3 scale mail
rPois    .         Spirit   .   p - +0 helmet
rElec    .         Reflect  .   (no cloak)
rCorr    +         Harm     .   s - +0 pair of gloves
MR       .....                  (no boots)
Stlth    ..........             (no amulet)
HPRegen  0.17/turn              m - ring of resist corrosion
MPRegen  0.10/turn              (no ring)

@: no status effects
A: clever 1, deterioration 1, strong 1
a: no special abilities


You were on level 3 of the Dungeon.
You were hungry.

You visited 1 branch of the dungeon, and saw 5 of its levels.

You collected 44 gold pieces.

Inventory:

Hand Weapons
 c - a +0 spear
 o - a +0 flail (weapon)
Armour
 a - a +3 scale mail (worn)
 p - a +0 helmet (worn)
 s - a +0 pair of gloves (worn)
Jewellery
 m - a ring of resist corrosion (left hand)
Scrolls
 e - a scroll of identify
 f - 6 scrolls of remove curse
 h - a scroll of amnesia
 l - a scroll of enchant armour
Potions
 n - a potion of degeneration
 q - 2 potions of brilliance
Books
 b - the Incunabulum of the Mountains

   Spells                             Type                      Level
   a - Sandblast                      Earth                        1
   b - Stone Arrow                    Conjuration/Earth            3
Comestibles
 d - a bread ration
 i - 3 royal jellies
 j - a meat ration


   Skills:
 + Level 5.9 Fighting
 - Level 1.0 Throwing
 - Level 1.0 Armour
   Level 1.0 Shields
   Level 5.0 Summonings


You had 5 spell levels left.
You didn't know any spells.

Dungeon Overview and Level Annotations

Branches:
Dungeon (5/15)
 Temple: D:4-7

Altars:
Okawaru

Annotations:
D:3 vishdafish's ghost, amateur GrFi
D:4 zero's ghost, amateur MiBe


Innate Abilities, Weirdness & Mutations

Your mind is acute. (Int +2)
Your body sometimes deteriorates upon taking damage.
Your muscles are strong. (Str +2)


Message History

* * * LOW HITPOINT WARNING * * *
Unknown command.
Unknown command.
There is a stone staircase leading down here.
Unknown command.
Unknown command.
Unknown command.
Unknown command.
Unknown command.
Unknown command.
Unknown command.
Unknown command.
Unknown command.
There is a stone staircase leading up here.
Unknown command.
You climb upwards.
Level annotation: vishdafish's ghost, amateur GrFi
There is a stone staircase leading down here.
The iguana bites you!
You die...

#.###########..#
#.............
...)...........#..
#######......#
############...#..
#......# #†..#.#
#......# #...#.#
######.# #...#.#
#.# #...#.# #.#
#...#.# #.#
####...#@# #.#
#......#l# #.#
#.######.# #.#
#........# #.#
########## #.# #.#
#.# #.# #.#


You could see an iguana.

Vanquished Creatures
  A howler monkey (D:5)
  A hound (D:4)
  An orc wizard (D:4)
  A worker ant (D:3)
  5 adders
  A worm (D:3)
  A dart slug (D:5)
  6 orcs
  3 giant cockroaches
  4 goblins
  2 hobgoblins
  2 jackals (D:2)
  2 kobolds
  3 quokkas
  7 bats
  2 frilled lizards
  2 rats (D:3)
44 creatures vanquished.

Notes
Turn   | Place    | Note
-------+----------+-------------------------------------------
     0 | D:1      | 4thArraOfDagon the Human Wanderer began the quest for the Orb.
     0 | D:1      | 4thArraOfDagon set off with: a +2 scale mail, the Incunabulum of the Mountains, a +0 spear, a bread ration
     0 | D:1      | Reached XP level 1. HP: 16/16 MP: 1/1
     0 | D:1      | Identified the Incunabulum of the Mountains
   109 | D:2      | Reached XP level 2. HP: 21/23 MP: 2/2
   358 | D:3      | Noticed vishdafish's ghost (amateur GrFi)
   591 | D:4      | Reached XP level 3. HP: 18/29 MP: 3/3
   842 | D:4      | Reached XP level 4. HP: 31/37 MP: 4/4
  1000 | D:4      | Noticed zero's ghost (amateur MiBe)
  1067 | D:4      | Reached XP level 5. HP: 30/43 MP: 5/5
  1072 | D:4      | Found an iron altar of Okawaru.
  1133 | D:3      | Reached skill level 5 in Fighting
  1945 | D:4      | Gained mutation: Your muscles are strong. (Str +2) [potion of mutation]
  1945 | D:4      | Gained mutation: Your body sometimes deteriorates upon taking damage. [potion of mutation]
  1945 | D:4      | Gained mutation: Your mind is acute. (Int +2) [potion of mutation]
  1961 | D:5      | Entered Level 5 of the Dungeon
  2018 | D:5      | Noticed a phantom
  2113 | D:4      | Thaneod: every monster is red:)
  2132 | D:4      | 4thArraOfDagon: eternal struggle :)
  2138 | D:4      | Noticed an ogre
  2256 | D:5      | Reached XP level 6. HP: 17/52 MP: 6/6
  2280 | D:5      | Noticed an orc warrior
  2320 | D:3      | Slain by an iguana

Vault maps used:
D:1:      sevenhm_arrival_forest_fort_small_4
D:2:      lemuel_round_altar, chequers_ecumenical_altar_grove
D:4:      okawaru_metal_pillars_1_2, minivault_11
D:5:      kennysheep_big_flooded_room, minmay_temple_entry_purple_smoke,
          first_bread, tgw_kikubaaqudgha

Skill      XL: |  1  2  3  4  5 |
---------------+----------------+-----
Fighting       | 3 4 5 |  5.9
Throwing       | |  1.0
Armour         | |  1.0
Shields        | |  1.0
Summonings     | |  5.0

Action                   |  1- 3 |  4- 6 || total
-------------------------+-------+-------++-------
Melee: Spear             |   108 |   127 ||   235
       Flail             |       |    65 ||    65
  Use: Scroll            |     8 |     2 ||    10
       Potion            |     1 |     4 ||     5
  Eat: Chunk             |       |     6 ||     6
Armor: Scale mail        |    61 |   127 ||   188
       Skin              |       |    16 ||    16
Dodge: Dodged            |    75 |    81 ||   156

Table legend:
 A = Spawn XP
 B = Non-spawn XP
 C = Spawn XP percentage of total XP
 D = Spawn monster count
 E = Non-spawn monster count
 F = Spawn count percentage of total count
 G = Total turns spent on level
                    A         B        C        D         E        F      G
               +---------+---------+-------+---------+---------+-------+---------
         Total |       0 |     297 |   0.0 |       0 |      44 |   0.0 |  2320
               +---------+---------+-------+---------+---------+-------+---------
           D:1 |       0 |       5 |   0.0 |       0 |       3 |   0.0 |    86
           D:2 |       0 |      21 |   0.0 |       0 |      11 |   0.0 |   385
           D:3 |       0 |      72 |   0.0 |       0 |      16 |   0.0 |   946
           D:4 |       0 |     128 |   0.0 |       0 |       9 |   0.0 |   801
           D:5 |       0 |      71 |   0.0 |       0 |       5 |   0.0 |   102
               +---------+---------+-------+---------+---------+-------+---------
